MLB
OAKLAND ATHLETICS @ NEW YORK YANKEES
09/15/2047
 
TOP OF THE 1ST
Oakland Athletics batting - Pitching for New York Yankees : RHP Chris McCoy
Pitching: RHP Chris McCoy
Batting: SHB Moe Lester 0-0: Ball
1-0: Called Strike
1-1: Fly out, F9 (Flyball, 9, EV 83.8 MPH)
Batting: RHB Muneo Kawachi 0-0: Ball
1-0: Ball
2-0: Fly out, F8 (Flyball, 78D, EV 109.4 MPH)
Batting: LHB Joel Kunkler 0-0: Called Strike
0-1: Ball
1-1: Ball
2-1: Ball
3-1: Ground out U3 (Groundball, 3L, EV 96.2 MPH)
Top of the 1st over - 0 runs, 0 hits, 0 errors, 0 left on base; Oakland 0 - New York 0
BOTTOM OF THE 1ST
New York Yankees batting - Pitching for Oakland Athletics : RHP Corbin Schenn
Pitching: RHP Corbin Schenn
Batting: LHB Jason Peck 0-0: Called Strike
0-1: Swinging Strike
0-2: Strikes out swinging
Batting: RHB C.J. Richerson 0-0: Called Strike
0-1: Swinging Strike
0-2: Ball
1-2: Strikes out swinging
Batting: SHB Bartholomeu Chambino 0-0: Called Strike
0-1: Fly out, F8 (Flyball, 8LXD, EV 109.4 MPH)
Bottom of the 1st over - 0 runs, 0 hits, 0 errors, 0 left on base; Oakland 0 - New York 0
TOP OF THE 2ND
Oakland Athletics batting - Pitching for New York Yankees : RHP Chris McCoy
Batting: LHB Sakae Kasahara 0-0: Called Strike
0-1: Ball
1-1: Ball
2-1: Ball
3-1: Called Strike
3-2: Strikes out swinging
Batting: SHB Quincy Bradford 0-0: Fly out, F9 (Flyball, 9D, EV 100.6 MPH)
Batting: RHB Jason May 0-0: Called Strike
0-1: Foul Ball, location: 2F
0-2: Strikes out looking
Top of the 2nd over - 0 runs, 0 hits, 0 errors, 0 left on base; Oakland 0 - New York 0
BOTTOM OF THE 2ND
New York Yankees batting - Pitching for Oakland Athletics : RHP Corbin Schenn
Batting: LHB Evan Torraville 0-0: Foul Ball, location: 2F
0-1: Called Strike
0-2: Strikes out looking
Batting: RHB Adriaan Pieters 0-0: Ball
1-0: Ball
2-0: Foul Ball, location: 2F
2-1: Foul Ball, location: 2F
2-2: Strikes out looking
Batting: LHB Jim Skare 0-0: Ball
1-0: Ball
2-0: Ball
3-0: Called Strike
3-1: Foul Ball, location: 2F
3-2: Ground out 6-3 (Groundball, 6M, EV 90.6 MPH)
Bottom of the 2nd over - 0 runs, 0 hits, 0 errors, 0 left on base; Oakland 0 - New York 0
TOP OF THE 3RD
Oakland Athletics batting - Pitching for New York Yankees : RHP Chris McCoy
Batting: RHB Randy Shrewsbury 0-0: Called Strike
0-1: Ball
1-1: Ball
2-1: Fly out, F6 (Flyball, 6D, EV 88.1 MPH)
Batting: LHB Al Hernandez 0-0: Called Strike
0-1: Ball
1-1: Ball
2-1: Ball
3-1: Base on Balls
Batting: RHB Edwin Madrid 0-0: Ball
1-0: Foul Ball, location: 2F
1-1: Ball
2-1: Called Strike
2-2: Foul Ball, location: 2F
2-2: Fly out, F8 (Flyball, 8LXD, EV 111.9 MPH)
Batting: SHB Moe Lester 0-0: Swinging Strike
0-1: Called Strike
0-2: Ball
1-2: Foul Ball, location: 2F
1-2: Strikes out swinging
Top of the 3rd over - 0 runs, 0 hits, 0 errors, 1 left on base; Oakland 0 - New York 0
BOTTOM OF THE 3RD
New York Yankees batting - Pitching for Oakland Athletics : RHP Corbin Schenn
Batting: RHB Shiro Suehiro 0-0: Ball
1-0: Swinging Strike
1-1: Called Strike
1-2: Foul Ball, location: 2F
1-2: Strikes out swinging
Batting: RHB Russ Shambaugh 0-0: Ball
1-0: Ball
2-0: Ball
3-0: Called Strike
3-1: Foul Ball, location: 2F
3-2: Base on Balls
Batting: LHB Brad Ritter 0-0: Called Strike
0-1: Ball
1-1: Grounds into double play, 4-6-3 (Groundball, 4, EV 106.2 MPH)
Bottom of the 3rd over - 0 runs, 0 hits, 0 errors, 0 left on base; Oakland 0 - New York 0
TOP OF THE 4TH
Oakland Athletics batting - Pitching for New York Yankees : RHP Chris McCoy
Batting: RHB Muneo Kawachi 0-0: Ball
1-0: Swinging Strike
1-1: Ball
2-1: Ball
3-1: Foul Ball, location: 2F
3-2: Strikes out looking
Batting: LHB Joel Kunkler 0-0: Ball
1-0: Ball
2-0: Ground out U3 (Groundball, 3L, EV 108.1 MPH)
Batting: LHB Sakae Kasahara 0-0: Swinging Strike
0-1: Ball
1-1: Foul Ball, location: 2F
1-2: Strikes out swinging
Top of the 4th over - 0 runs, 0 hits, 0 errors, 0 left on base; Oakland 0 - New York 0
BOTTOM OF THE 4TH
New York Yankees batting - Pitching for Oakland Athletics : RHP Corbin Schenn
Batting: LHB Jason Peck 0-0: Ball
1-0: Called Strike
1-1: Called Strike
1-2: Foul Ball, location: 2F
1-2: Foul Ball, location: 2F
1-2: Ball
2-2: Strikes out swinging
Batting: RHB C.J. Richerson 0-0: Ball
1-0: Ground out 5-3 (Groundball, 56, EV 105.6 MPH)
Batting: SHB Bartholomeu Chambino 0-0: Foul Ball, location: 2F
0-1: SOLO HOME RUN (Line Drive, 7D, EV 106.2 MPH), Distance : 395 ft
Batting: LHB Evan Torraville 0-0: Ball
1-0: Fly out, F6 (Popup, 4MD, EV 48.8 MPH)
Bottom of the 4th over - 1 run, 1 hit, 0 errors, 0 left on base; Oakland 0 - New York 1
TOP OF THE 5TH
Oakland Athletics batting - Pitching for New York Yankees : RHP Chris McCoy
Batting: SHB Quincy Bradford 0-0: Called Strike
0-1: Ball
1-1: Swinging Strike
1-2: Ball
2-2: Foul Ball, location: 2F
2-2: Strikes out swinging
Batting: RHB Jason May 0-0: Called Strike
0-1: Foul Ball, location: 2F
0-2: Ball
1-2: Ball
2-2: Ball
3-2: Ground out 4-3 (Groundball, 4, EV 103.1 MPH)
Batting: RHB Randy Shrewsbury 0-0: Called Strike
0-1: Called Strike
0-2: Ball
1-2: Ball
2-2: Foul Ball, location: 2F
2-2: Foul Ball, location: 2F
2-2: Foul Ball, location: 2F
2-2: Ball
3-2: Fly out, F8 (Line Drive, 8LM, EV 88.1 MPH)
Top of the 5th over - 0 runs, 0 hits, 0 errors, 0 left on base; Oakland 0 - New York 1
BOTTOM OF THE 5TH
New York Yankees batting - Pitching for Oakland Athletics : RHP Corbin Schenn
Batting: RHB Adriaan Pieters 0-0: Ball
1-0: Ball
2-0: Called Strike
2-1: Ground out 1-3 (Groundball, 34S, EV 72.5 MPH)
Batting: LHB Jim Skare 0-0: Swinging Strike
0-1: Ball
1-1: Ball
2-1: Foul Ball, location: 2F
2-2: Foul Ball, location: 2F
2-2: SOLO HOME RUN (Flyball, 9D, EV 95.0 MPH), Distance : 373 ft
Batting: RHB Shiro Suehiro 0-0: Ball
1-0: Ball
2-0: Foul Ball, location: 2F
2-1: Ball
3-1: Base on Balls
Batting: RHB Russ Shambaugh 0-0: Ball
1-0: SINGLE (Flyball, 56D, EV 92.5 MPH)
Shiro Suehiro to second
Batting: LHB Brad Ritter 0-0: Ball
1-0: Swinging Strike
1-1: Foul Ball, location: 2F
1-2: Ball
2-2: Strikes out swinging
Batting: LHB Jason Peck 0-0: Called Strike
0-1: Ball
1-1: Ground out 3-1 (Groundball, 34, EV 99.4 MPH)
Bottom of the 5th over - 1 run, 2 hits, 0 errors, 2 left on base; Oakland 0 - New York 2
TOP OF THE 6TH
Oakland Athletics batting - Pitching for New York Yankees : RHP Chris McCoy
Batting: LHB Al Hernandez 0-0: Ball
1-0: Ball
2-0: Ball
3-0: Called Strike
3-1: Base on Balls
Batting: RHB Edwin Madrid 0-0: Called Strike
0-1: Ball
1-1: DOUBLE (Flyball, 8LXD, EV 108.1 MPH)
Al Hernandez to third
Batting: SHB Moe Lester 0-0: Ball
Wild Pitch!
Al Hernandez scores
Edwin Madrid to third
1-0: Foul Ball, location: 2F
1-1: SINGLE (Groundball, 34D, EV 99.4 MPH)
Edwin Madrid scores
Batting: RHB Muneo Kawachi 0-0: Ball
1-0: Grounds into double play, 6-4-3 (Groundball, 6, EV 88.8 MPH)
Batting: LHB Joel Kunkler 0-0: Called Strike
0-1: Called Strike
0-2: Fly out, F9 (Line Drive, 9LM, EV 101.9 MPH)
Top of the 6th over - 2 runs, 2 hits, 0 errors, 0 left on base; Oakland 2 - New York 2
BOTTOM OF THE 6TH
New York Yankees batting - Pitching for Oakland Athletics : RHP Corbin Schenn
Batting: RHB C.J. Richerson 0-0: Ball
1-0: SINGLE (Groundball, 56D, EV 93.8 MPH)
Batting: SHB Bartholomeu Chambino 0-0: Ball
1-0: Called Strike
1-1: Called Strike
1-2: Ball
2-2: Foul Ball, location: 2F
2-2: Ball
3-2: Fly out, F8 (Line Drive, 8RD, EV 89.4 MPH)
Batting: LHB Evan Torraville 0-0: Ball
1-0: Called Strike
1-1: Ball
2-1: Called Strike
2-2: Strikes out swinging
Batting: RHB Adriaan Pieters 0-0: SINGLE (Groundball, 4M, EV 100.0 MPH) (infield hit)
C.J. Richerson to second
Batting: LHB Jim Skare 0-0: Swinging Strike
0-1: Called Strike
0-2: Ball
1-2: Ball
2-2: Ball
3-2: Base on Balls
C.J. Richerson to third
Adriaan Pieters to second
Batting: RHB Shiro Suehiro 0-0: Foul Ball, location: 2F
0-1: Foul Ball, location: 2F
0-2: Ball
1-2: Ball
2-2: Ball
3-2: Ground out 4-3 (Groundball, 4S, EV 83.1 MPH)
Bottom of the 6th over - 0 runs, 2 hits, 0 errors, 3 left on base; Oakland 2 - New York 2
TOP OF THE 7TH
Oakland Athletics batting - Pitching for New York Yankees : RHP Chris McCoy
Batting: LHB Sakae Kasahara 0-0: Called Strike
0-1: Ground out 3-1 (Groundball, 34, EV 103.8 MPH)
Batting: SHB Quincy Bradford 0-0: Ball
1-0: Foul Ball, location: 2F
1-1: Ball
2-1: Ground out 6-3 (Groundball, 6, EV 83.1 MPH)
Batting: RHB Jason May 0-0: Called Strike
0-1: Ball
1-1: Foul Ball, location: 2F
1-2: Foul Ball, location: 2F
1-2: Ball
2-2: Foul Ball, location: 2F
2-2: Ground out 4-3 (Groundball, 4, EV 81.2 MPH)
Top of the 7th over - 0 runs, 0 hits, 0 errors, 0 left on base; Oakland 2 - New York 2
BOTTOM OF THE 7TH
New York Yankees batting - Pitching for Oakland Athletics : RHP Corbin Schenn
Pitching: RHP John Owens
Batting: RHB Russ Shambaugh 0-0: Swinging Strike
0-1: Swinging Strike
0-2: Strikes out swinging
Batting: LHB Brad Ritter 0-0: Ball
1-0: Ball
2-0: Ball
3-0: Called Strike
3-1: Ground out 4-3 (Groundball, 4, EV 86.9 MPH)
Batting: LHB Jason Peck 0-0: Called Strike
0-1: Ball
1-1: Swinging Strike
1-2: Strikes out swinging
Bottom of the 7th over - 0 runs, 0 hits, 0 errors, 0 left on base; Oakland 2 - New York 2
TOP OF THE 8TH
Oakland Athletics batting - Pitching for New York Yankees : RHP Chris McCoy
Pitching: RHP Isaias Chavez
Batting: RHB Randy Shrewsbury 0-0: SINGLE (Groundball, 34D, EV 98.8 MPH)
Batting: LHB Al Hernandez 0-0: Ball
1-0: Called Strike
1-1: Sac Bunt to 25 - play at first, batter OUT! 1-3
Randy Shrewsbury to second
Batting: RHB Edwin Madrid 0-0: Foul Ball, location: 2F
0-1: Called Strike
0-2: Strikes out swinging
Batting: SHB Moe Lester 0-0: Called Strike
0-1: Swinging Strike
0-2: Ball
Passed Ball!
Randy Shrewsbury to third
1-2: Strikes out swinging
Top of the 8th over - 0 runs, 1 hit, 0 errors, 1 left on base; Oakland 2 - New York 2
BOTTOM OF THE 8TH
New York Yankees batting - Pitching for Oakland Athletics : RHP John Owens
Pitching: RHP Mike Pedigo
Batting: RHB C.J. Richerson 0-0: Foul Ball, location: 2F
0-1: Ball
1-1: DOUBLE (Flyball, 8RXD, EV 107.5 MPH)
Batting: SHB Bartholomeu Chambino 0-0: Called Strike
0-1: Swinging Strike
0-2: Ball
1-2: Ball
2-2: Strikes out looking
Batting: LHB Evan Torraville 0-0: Intentional Walk
Batting: RHB Adriaan Pieters 0-0: Ball
1-0: Foul Ball, location: 2F
1-1: Called Strike
1-2: Ball
2-2: Ball
3-2: Strikes out swinging
Batting: LHB Jim Skare 0-0: SINGLE (Groundball, 4D, EV 111.9 MPH)
C.J. Richerson to third
Evan Torraville to second
Runner from 3rd tries for Home, SAFE, throw by RF to home
Batting: RHB Shiro Suehiro 0-0: Ball
1-0: Foul Ball, location: 2F
1-1: Called Strike
1-2: Ground out 5-3 (Groundball, 56, EV 99.4 MPH)
Bottom of the 8th over - 1 run, 2 hits, 0 errors, 2 left on base; Oakland 2 - New York 3
TOP OF THE 9TH
Oakland Athletics batting - Pitching for New York Yankees : RHP Isaias Chavez
Pitching: LHP Joel Pacheco
Batting: RHB Muneo Kawachi 0-0: Swinging Strike
0-1: Ground out U3 (Groundball, 3L, EV 98.1 MPH)
Batting: LHB Joel Kunkler 0-0: Swinging Strike
0-1: Ball
1-1: Foul Ball, location: 2F
1-2: Strikes out looking
Batting: SHB Ryan Langlois 0-0: Called Strike
0-1: Ball
1-1: Ball
2-1: Foul Ball, location: 2F
2-2: Ball
3-2: Foul Ball, location: 2F
3-2: Foul Ball, location: 2F
3-2: Foul Ball, location: 2F
3-2: Strikes out looking
Top of the 9th over - 0 runs, 0 hits, 0 errors, 0 left on base; Oakland 2 - New York 3
Thursday, December 15th , 2022 - OOTP Baseball 23.9 Build 102